 Dungeon Crawl Stone Soup version 0.17-a0-1446-gc28613e (console) character file.

105 Monkaria the Chopper (level 4, -9/42 HPs)
             Began as a Hill Orc Chaos Knight on June 28, 2015.
             Mangled by afx's ghost (18 damage)
             ... on level 3 of the Dungeon.
             The game lasted 00:02:20 (1904 turns).

Monkaria the Chopper (Hill Orc Chaos Knight)        Turns: 1904, Time: 00:02:20

Health: -9/42      AC:  5    Str: 15    XL:     4   Next: 81%
Magic:  4/4        EV: 11    Int: 12    God:    Xom [..*...]
Gold:   125        SH:  0    Dex: 10    Spells: 0 memorised, 3 levels left

rFire  . . .     SeeInvis .     a - +0 hand axe (chaos)
rCold  + . .     Clarity  .     b - +2 leather armour
rNeg   . . .     SustAt   .     (no shield)
rPois  .         Gourm    .     (no helmet)
rElec  .         Spirit   .     (no cloak)
rCorr  .         Warding  .     (no gloves)
rMut   .         Stasis   .     (no boots)
MR     .....                    (no amulet)
Stlth  +.........               (no ring)
                                j - ring of protection from cold

@: not resistant to hostile enchantments, very unstealthy
A: no striking features
a: Renounce Religion


You were on level 3 of the Dungeon.
You worshipped Xom.
You were a toy of Xom.
You were not hungry.

You visited 1 branch of the dungeon, and saw 3 of its levels.

You collected 125 gold pieces.

Inventory:

Hand weapons
 a - a +0 hand axe of chaos (weapon)
Missiles
 t - 3 tomahawks (quivered)
Armour
 b - a +2 leather armour (worn)
 e - a +2 chain mail of fire resistance
Jewellery
 j - a ring of protection from cold (left hand)
Scrolls
 d - 4 scrolls of amnesia {unknown}
 g - a scroll of remove curse {unknown}
 h - 2 scrolls of identify {unknown}
 l - a scroll of recharging {unknown}
 r - a scroll of enchant armour {unknown}
 s - a scroll of immolation {unknown}
 u - a scroll of noise {unknown}
Potions
 i - 2 potions of haste {unknown}
 m - a potion of degeneration {unknown}
 n - 2 potions of brilliance {unknown}
 o - a potion of invisibility {unknown}
 q - 2 potions of curing {unknown}
Books
 p - a book of Maledictions

   Spells                             Type                      Level
   a - Corona                         Hexes                        1
   b - Ensorcelled Hibernation        Hexes/Ice                    2
   c - Confuse                        Hexes                        3
   d - Tukima's Dance                 Hexes                        3
   e - Dazzling Spray                 Conjuration/Hexes            3
Comestibles
 c - 4 bread rations
 f - 2 meat rations
 k - 6 chunks of flesh


   Skills:
 - Level 5.0 Fighting
 + Level 5.9 Axes
 - Level 2.1 Armour
 - Level 0.7 Dodging


You had 3 spell levels left.
You didn't know any spells.

Dungeon Overview and Level Annotations

Branches:
Dungeon (3/15)

Altars:
Fedhas
Kikubaaqudgha
Ru
Xom

Annotations:
D:3 afx's ghost, average OpBe


Message History

Unknown command.
Press: ? - help, v - describe, . - travel
Here: afx's ghost (severely damaged)
The floor.
Unknown command.
Unknown command.
There is an open door here.
You closely miss afx's ghost.
Afx's ghost is severely damaged.
Afx's ghost hits you.
* * * LOW HITPOINT WARNING * * *
Unknown command.
You miss afx's ghost.
Afx's ghost is severely damaged.
Afx's ghost barely misses you.
You closely miss afx's ghost.
Afx's ghost is severely damaged.
Afx's ghost hits you!!
You die...
Xom roars with laughter!

##########
#........#
#########........#
.......W@........###
#########..........#
#..........#
####.......#
#.......# #.......#
#.......# #.......#
#.......#


You could see afx's ghost.

Vanquished Creatures
  An orc wizard (D:3)
  2 adders
  2 worms (D:2)
  3 orcs (D:3)
  3 bats (D:1)
  6 giant cockroaches
  6 hobgoblins
  4 kobolds (D:1)
  2 giant geckos
  5 giant newts
  6 goblins
  3 jackals (D:3)
  7 rats
50 creatures vanquished.

Notes
Turn   | Place    | Note
--------------------------------------------------------------
     0 | D:1      | Monkaria the Hill Orc Chaos Knight began the quest for the Orb.
     0 | D:1      | Reached XP level 1. HP: 19/19 MP: 1/1
   181 | D:1      | Reached XP level 2. HP: 24/27 MP: 2/2
   311 | D:1      | XOM: silly message
   602 | D:1      | XOM: silly message
   607 | D:1      | XOM: divination: detect creatures
   809 | D:2      | Found a sacrificial altar of Ru.
   826 | D:2      | XOM: silly message
   833 | D:2      | XOM: divination: magic mapping
   855 | D:2      | Reached skill level 5 in Fighting
   855 | D:2      | Reached XP level 3. HP: 23/36 MP: 3/3
  1014 | D:2      | Found a shimmering altar of Xom.
  1025 | D:2      | Found a shimmering altar of Xom.
  1025 | D:2      | Found a shimmering altar of Xom.
  1025 | D:2      | Found a shimmering altar of Xom.
  1128 | D:2      | Found a blossoming altar of Fedhas.
  1139 | D:2      | Found an ancient bone altar of Kikubaaqudgha.
  1140 | D:2      | XOM: divination: magic mapping
  1443 | D:2      | XOM: colour smoke trail
  1658 | D:3      | Reached skill level 5 in Axes
  1658 | D:3      | Reached XP level 4. HP: 42/42 MP: 4/4
  1755 | D:3      | XOM: harmless Tloc miscast
  1893 | D:3      | Noticed afx's ghost (average OpBe)
  1904 | D:3      | Mangled by afx's ghost

Vault maps used:
D:1:      minmay_arrival_cross, serial_forest, infiniplex_forest_clump_small,
          infiniplex_forest_straight_2, infiniplex_forest_end_2,
          infiniplex_forest_straight_5, infiniplex_forest_end_2,
          infiniplex_forest_lined_4_way
D:2:      grunt_temple_overflow_growth_and_decay, lemuel_round_altar,
          xom_redecorated, first_bread, solitary_fountain,
          kennysheep_pointless_box
D:3:      grunt_dithmenos_smoke_and_mirrors, nicolae_overflow_hidden_temple

Action                   |  1- 3 |  4- 6 || total
-------------------------+-------+-------++-------
Melee: Hand axe          |   104 |    47 ||   151
  Eat: Chunk             |     2 |     1 ||     3
